 Dungeon Crawl Stone Soup version 0.15-a0-1914-g8cb84b8 (webtiles) character file.

147 Charly the Insei (level 5, 0/25 HPs)
             Began as a Vine Stalker Transmuter on July 7, 2014.
             Slain by a ball python (1 damage)
             ... in a sewer.
             The game lasted 00:15:20 (1128 turns).

Charly the Insei (Vine Stalker Transmuter)          Turns: 1128, Time: 00:15:20

HP   0/25        AC  2     Str 13      XL: 5   Next: 29%
MP   0/11        EV 12     Int 14      God:
Gold 85          SH  0     Dex 14      Spells:  1 memorised,  6 levels left

rFire  . . .     SeeInvis .       - Unarmed
rCold  . . .     Clarity  .     c - +0 robe
rNeg   . . .     rCorr    .     (no shield)
rPois  .         rRot     +     (no helmet)
rElec  .         Spirit   +     (no cloak)
SustAb .         Warding  .     (no gloves)
rMut   .         Stasis   .     (no boots)
Gourm  .                        (no amulet)
MR     .....                    (no ring)
                                (no ring)

@: constricted, not resistant to hostile enchantments, very unstealthy
A: fangs 2, regeneration 1, magic shield, antimagic bite, no device heal 3, rot
immunity
a: no special abilities


You were in a sewer.
You were not hungry.

You visited 1 branch of the dungeon, and saw 3 of its levels.
You also visited: Sewer.

You collected 85 gold pieces.

Inventory:

Missiles
 b - 8 arrows
 e - 15 poisoned needles
Armour
 c - a +0 robe (worn)
Comestibles
 a - a bread ration
 g - a meat ration
 j - a beef jerky
Potions
 f - a potion of magic {unknown}
 h - a potion of curing
 k - a potion of haste {unknown}
Books
 d - a book of Changes

   Spells                             Type                      Level
   Beastly Appendage                  Transmutation                1
   *Sticks to Snakes                  Transmutation                2
   Spider Form                        Transmutation/Poison         3
   Ice Form                           Ice/Transmutation            4
   Blade Hands                        Transmutation                5


   Skills:
 - Level 0.8 Fighting
 - Level 1.5 Dodging
 + Level 5.3 Unarmed Combat
 - Level 2.1 Spellcasting
 + Level 3.0 Transmutations


You had 6 spell levels left.
You knew the following spells:

 Your Spells              Type           Power        Failure   Level  Hunger
s - Sticks to Snakes      Trmt           #.........   12%         2    ###....


Dungeon Overview and Level Annotations

Branches:
Dungeon (3/15)

Altars:
Trog
Xom


Innate Abilities, Weirdness & Mutations

You have extremely sharp teeth.
Your natural rate of healing is unusually fast.
When hurt, damage is shared between your health and your magic reserves.
Your bite disrupts and absorbs the magic of your enemies.
Potions and wands cannot restore your health.
You are immune to rotting.


Message History

The ball python constricts you.
The giant mite bites you but does no damage.
The ball python barely misses you.
* * * LOW HITPOINT WARNING * * *
The ball python constricts you.
Your unstable footing causes you to fumble your attack.
The giant mite bites you.
* * * LOW HITPOINT WARNING * * *
The ball python closely misses you. The ball python constricts you.
Your unstable footing causes you to fumble your attack.
The giant mite bites you but does no damage.
The ball python barely misses you.
* * * LOW HITPOINT WARNING * * *
The ball python constricts you.
You hit the ball python.
The ball python is almost dead.
The giant mite bites you.
* * * LOW HITPOINT WARNING * * *
The ball python bites you.
You die...

≈≈# #≈≈#≈.# ≈≈#
#≈.%≈≈# ≈≈##
#≈..≈≈# ≈≈≈#
###≈≈.≈≈# #≈.#
###≈####### #≈≈##
#######≈≈.≈≈#
#≈≈≈#
≈.≈.≈≈≈≈≈%≈.#
##≈≈##
≈≈≈≈≈≈≈##S≈##
#≈≈.## ≈≈s≈.##@s##
#≈≈%.###≈≈≈###.≈≈#
##≈≈≈≈.#####≈≈≈≈≈#
##.≈≈≈.≈≈≈≈≈%≈≈##
##≈≈.≈.≈≈≈.≈≈##
###≈≈≈%.≈≈###
###.∩.### #####


You could see a giant mite and a ball python.

Vanquished Creatures
  8 giant mites
  10 giant geckos
  10 oozes (Sewer)
  An orc (D:2)
  10 ball pythons
  5 hobgoblins
  5 giant cockroaches
  4 giant newts
  2 goblins (D:1)
  3 kobolds (D:1)
  A quokka (D:3)
  2 rats (D:1)
61 creatures vanquished.

Vanquished Creatures (collateral kills)
  2 adders
  A giant gecko (Sewer)
3 creatures vanquished.

Grand Total: 64 creatures vanquished

Notes
Turn   | Place    | Note
--------------------------------------------------------------
     0 | D:1      | Charly, the Vine Stalker Transmuter, began the quest for the Orb.
     0 | D:1      | Reached XP level 1. HP: 9/9 MP: 3/3
   250 | D:1      | Reached XP level 2. HP: 10/14 MP: 5/5
   254 | D:1      | Learned a level 2 spell: Sticks to Snakes
   348 | D:2      | Found a bloodstained altar of Trog.
   511 | D:2      | Found a shimmering altar of Xom.
   516 | D:2      | Found a shimmering altar of Xom.
   548 | D:2      | Reached XP level 3. HP: 13/17 MP: 4/7
   604 | D:2      | Reached skill level 4 in Unarmed Combat
   743 | D:3      | Found a glowing drain.
   806 | Sewer    | Entered a sewer
   812 | Sewer    | Reached XP level 4. HP: 12/21 MP: 8/8
   953 | Sewer    | Reached skill level 5 in Unarmed Combat
  1018 | Sewer    | Reached XP level 5. HP: 25/25 MP: 11/11
  1127 | Sewer    | HP: 1/25 [ball python (1)]
  1128 | Sewer    | Slain by a ball python

Action                   |  1- 3 |  4- 6 || total
-------------------------+-------+-------++-------
Melee: Unarmed           |   105 |   130 ||   235
 Cast: Sticks to Snakes  |     4 |       ||     4
  Use: Scroll            |     6 |       ||     6
  Eat: Chunk             |       |     1 ||     1
